 Dungeon Sprint DCSS version 0.29-a0-1006-g0dd7720b37 (webtiles) character file.

Game seed: 7159339384254817691

784 mhtbhm the Protected (level 7, -4/51 HPs)
             Began as a Gargoyle Fighter on Aug 6, 2022.
             Was an Initiate of Gozag.
             Shot with an arrow by a centaur warrior (18 damage)
             ... in the Dungeon (Sprint IX: "|||||||||||||||||||||||||||||").
             The game lasted 00:01:22 (665 turns).

mhtbhm the Protected (Gargoyle Fighter)              Turns: 665, Time: 00:01:23

Health: -4/51      AC: 15    Str: 27    XL:     7   Next: 86%
Magic:  7/7        EV: 11    Int:  9    God:    Gozag
Gold:   423        SH:  5    Dex:  9    Spells: 6/6 levels left

rFire   . . .      SeeInvis .   a - +0 flail
rCold   . . .      Faith    .   c - +0 buckler
rNeg    + . .      Spirit   .   b - +2 ring mail
rPois   ∞          Reflect  .   (no helmet)
rElec   +          Harm     .   (no cloak)
rCorr   .          Rampage  .   m - +0 pair of gloves
Will    .....      NoTele   +   (no boots)
Stlth   ..........              (no amulet)
HPRegen 0.17/turn               n - +3 ring of strength
MPRegen 0.10/turn               o - +3 ring of strength

@: mighty, gold aura, invisible
A: sickness immunity, AC +4, negative energy resistance 1, electricity
resistance, torment resistance 1, petrification resistance
a: Renounce Religion, Potion Petition, Call Merchant, Bribe Branch


You were in the Dungeon.
You worshipped Gozag.
Gozag was aware of your devotion.
You visited 1 branch You collected 423 gold pieces.

Inventory:

Hand Weapons
 a - a +0 flail (weapon)
Armour
 b - a +2 ring mail (worn)
 c - a +0 buckler (worn)
 m - a +0 pair of gloves (worn)
Jewellery
 n - a +3 ring of strength (left hand)
 o - a +3 ring of strength (right hand)
Wands
 l - a wand of iceblast (3)
Scrolls
 j - 2 scrolls of blinking
 k - 2 scrolls of amnesia
Potions
 e - 5 potions of curing
 h - 4 potions of magic
 i - a potion of heal wounds


   Skills:
 + Level 9.5 Fighting
 + Level 7.6 Maces & Flails
 + Level 10.1 Armour
 + Level 4.2 Dodging
 + Level 8.5 Shields
 + Level 2.0 Evocations


You had 6 spell levels left.
You didn't know any spells.
Your spell library was empty.

Dungeon Overview and Level Annotations

Branches:
Dungeon (1/1)

Altars:
Cheibriados
Dithmenos
Elyvilon
Fedhas
Gozag
Hepliaklqana
Kikubaaqudgha
Makhleb
Nemelex Xobeh
Okawaru
Qazlal
Ru
Sif Muna
Trog
Uskayaw
Vehumet
Wu Jian
Xom
Yredelemnul
Zin
The Shining One
Jiyva
Lugonu


Innate Abilities, Weirdness & Mutations

You are immune to sickness and miasma.
Your stone body is resilient. (AC +4)
You are immune to poison.
You resist negative energy. (rN+)
You are resistant to electric shocks. (rElec)
You are resistant to unholy torment.
You are immune to petrification.


Message History

The centaur warrior wields a +0 shortbow.
The centaur warrior shoots an arrow.
The arrow hits the boulder beetle!!
There is an open door here.
You sock the centaur warrior!
The centaur warrior is lightly wounded.
The centaur warrior hits you! The centaur warrior barely misses you.
The kobold demonologist mumbles some strange words.
The centaur warrior hits you but does no damage.
The centaur warrior closely misses you.
The centaur warrior shoots an arrow.
The arrow hits the boulder beetle!
You bludgeon the centaur warrior!!
The centaur warrior is severely wounded.
The centaur warrior hits you but does no damage.
You block the centaur warrior's attack.
The centaur warrior shoots an arrow.
The arrow hits the boulder beetle.
The centaur warrior misses you.
The centaur warrior kicks you but does no damage.
You bludgeon the centaur warrior!!
The centaur warrior is almost dead.
You block the centaur warrior's attack. The centaur warrior barely misses you.
The centaur warrior shoots an arrow.
The arrow hits the boulder beetle!!
You barely miss the centaur warrior.
The centaur warrior is almost dead.
The centaur warrior completely misses you.
The centaur warrior barely misses you. The centaur warrior hits you!
You block the centaur warrior's attack.
The centaur warrior shoots an arrow.
The arrow hits the boulder beetle but does no damage.
You hit the centaur warrior.
The centaur warrior is almost dead.
The centaur warrior hits you.
* * * LOW HITPOINT WARNING * * *
The centaur warrior kicks you but does no damage.
The centaur warrior shoots an arrow.
The arrow hits the boulder beetle!
Unknown command.
You sock the centaur warrior!
You kill the centaur warrior!
The centaur warrior shoots an arrow.
The arrow hits the boulder beetle!
The boulder beetle dies!
The centaur warrior shoots an arrow.
The arrow hits you!!
You die...
Your body crumbles into a pile of gold.

▓.▓
$
▓'▓
$
▓.▓
▓)▓
$
▓.▓
$
▓.▓
$ $
▓.▓
$
▓.▓
$
▓@▓
▓$▓
▓$▓
▓c▓
▓K▓
▓c▓
▓O▓
▓+▓


You could see 2 centaur warriors, a two-headed ogre (unable to see you) and a
kobold demonologist (unable to see you).

Vanquished Creatures
  A centaur warrior (D)
  A vampire (D)
  A wyvern (D)
  2 orc warriors (D)
  A black bear (D)
  A killer bee (D)
  A jelly (D)
  An adder (D)
  A white imp (D)
  An ufetubus (D)
  2 quokkas (D)
  A bat (D)
  2 frilled lizards (D)
16 creatures vanquished.

Vanquished Creatures (others)
  A boulder beetle (D)
  An unseen horror (D)
2 creatures vanquished.

Grand Total: 18 creatures vanquished

Notes
Turn   | Place    | Note
-------+----------+-------------------------------------------
     0 | D        | mhtbhm the Gargoyle Fighter began the quest for the Orb.
     0 | D        | Reached XP level 1. HP: 14/14 MP: 1/1
   128 | D        | Noticed a black bear
   128 | D        | Noticed a jelly
   138 | D        | Reached skill level 4 in Armour
   138 | D        | Reached XP level 2. HP: 15/20 MP: 2/2
   152 | D        | Killed a black bear
   153 | D        | Reached skill level 6 in Armour
   153 | D        | Reached skill level 1 in Dodging
   153 | D        | Reached skill level 5 in Shields
   153 | D        | Reached XP level 3. HP: 14/27 MP: 3/3
   153 | D        | Reached XP level 4. HP: 17/32 MP: 4/4
   156 | D        | Reached XP level 5. HP: 20/37 MP: 5/5
   165 | D        | Found a snail-covered altar of Cheibriados.
   165 | D        | Found a shadowy altar of Dithmenos.
   165 | D        | Found a white marble altar of Elyvilon.
   165 | D        | Found a blossoming altar of Fedhas.
   165 | D        | Found an opulent altar of Gozag.
   166 | D        | Found a hazy altar of Hepliaklqana.
   167 | D        | Found a viscous altar of Jiyva.
   168 | D        | Found an ancient bone altar of Kikubaaqudgha.
   169 | D        | Found a corrupted altar of Lugonu.
   170 | D        | Found a burning altar of Makhleb.
   171 | D        | Found a sparkling altar of Nemelex Xobeh.
   172 | D        | Found an iron altar of Okawaru.
   173 | D        | Found a stormy altar of Qazlal.
   174 | D        | Found a sacrificial altar of Ru.
   175 | D        | Found a shimmering blue altar of Sif Muna.
   176 | D        | Found a bloodstained altar of Trog.
   181 | D        | Became a worshipper of Gozag Ym Sagoz the Greedy
   186 | D        | Found a hide-covered altar of Uskayaw.
   187 | D        | Found a radiant altar of Vehumet.
   188 | D        | Found an ornate altar of the Wu Jian Council.
   189 | D        | Found a shimmering altar of Xom.
   190 | D        | Found a basalt altar of Yredelemnul.
   191 | D        | Found a glowing silver altar of Zin.
   192 | D        | Found a glowing golden altar of the Shining One.
   411 | D        | Noticed an orc warrior
   411 | D        | Noticed a wyvern
   411 | D        | Noticed a vampire
   411 | D        | Noticed an orc warrior
   425 | D        | Killed a wyvern
   426 | D        | Reached skill level 5 in Maces & Flails
   426 | D        | Reached skill level 8 in Armour
   426 | D        | Reached XP level 6. HP: 23/44 MP: 6/6
   426 | D        | Killed an orc warrior
   430 | D        | Killed a vampire
   431 | D        | Reached skill level 9 in Armour
   431 | D        | Reached skill level 1 in Evocations
   431 | D        | Reached XP level 7. HP: 27/50 MP: 7/7
   437 | D        | Killed an unseen horror
   445 | D        | Reached skill level 10 in Armour
   656 | D        | Noticed a centaur warrior
   656 | D        | Noticed a boulder beetle
   656 | D        | Noticed a centaur warrior
   656 | D        | Noticed a kobold demonologist
   656 | D        | Noticed a centaur warrior
   656 | D        | Noticed a two-headed ogre
   665 | D        | Killed a centaur warrior
   665 | D        | Killed a boulder beetle
   665 | D        | Shot with an arrow by a centaur warrior

Illustrated notes

Levels and vault maps discovered:
D:        linesprint [early_d, line_temple, items_1, d_10, items_2, lair_1,
          lair_end, items_3, orc_1, orc_end, items_4, d_15, swamp_1, shoals_1,
          snake_1, spider_1, d_20, vaults_1, items_5, swamp_end, shoals_end,
          snake_end, spider_end, vaults_end, d_27, items_6, zot_1, zot_end,
          crypt_end, forest_end, elf_end, slime_end, tomb_end, abyss_end,
          pan_hell_end]

Skill      XL: |  1  2  3  4  5  6  7 |
---------------+----------------------+-----
Fighting       | 4 6 7 8 9 |  9.5
Armour         | 4 6 8 9 10 | 10.1
Shields        | 4 5 7 8 |  8.5
Maces & Flails | 3 4 5 6 7 |  7.6
Dodging        | 1 2 3 4 |  4.2
Evocations     | 1 2 |  2.0

Action                   |  1- 3 |  4- 6 |  7- 9 || total
-------------------------+-------+-------+-------++-------
Melee: Flail             |    37 |    13 |    45 ||    95
Evoke: Wand              |       |     7 |       ||     7
  Use: Potion            |     2 |     2 |     2 ||     6
Armor: Scale mail        |    33 |     2 |       ||    35
       Ring mail         |       |     1 |    25 ||    26
Dodge: Dodged            |    28 |     1 |    25 ||    54
Block: Buckler           |    11 |     3 |    13 ||    27

Table legend: (Time is in decaauts)
 A = Elapsed time spent in this place.
 B = Non-inter-level travel time spent in this place.
 C = Inter-level travel time spent in this place.
 D = Time resting spent in this place.
 E = Time spent auto-exploring this place.
 F = Levels seen in this place.
 G = Mean time per level.
                   A        B        C        D        E       F      G
               +--------+--------+--------+--------+--------+-----+--------+
         Total |    670 |    670 |      0 |    329 |    112 |   1 |  670.0 |
       Dungeon |    670 |    670 |      0 |    329 |    112 |   1 |  670.0 |
               +--------+--------+--------+--------+--------+-----+--------+

Top non-repeatable levels by time:
       D: 670 daAuts
